 Dungeon Crawl Stone Soup version 0.29.1-1-gd02db6906a (webtiles) character file.

Game seed: 11971621583589060140

32 RatsInWalls the Trooper (level 3, -1/33 HPs)
             Began as a Ghoul Fighter on Oct 22, 2022.
             Slain by a gnoll
             ... wielding a +0 halberd
              (13 damage)
             ... on level 2 of the Dungeon.
             The game lasted 00:01:12 (805 turns).

RatsInWalls the Trooper (Ghoul Fighter)              Turns: 805, Time: 00:01:12

Health: -1/33      AC:  6    Str: 19    XL:     3   Next: 25%
Magic:  2/2        EV:  9    Int:  5    God:
Gold:   18         SH:  4    Dex:  8    Spells: 2/2 levels left

rFire   . . .      SeeInvis .     - Unarmed
rCold   + . .      Faith    .   b - +0 buckler
rNeg    + + +      Spirit   .   a - +0 scale mail
rPois   ∞          Reflect  .   (no helmet)
rElec   .          Harm     .   (no cloak)
rCorr   .          Rampage  .   (no gloves)
Will    .....                   (no boots)
Stlth   ..........              (no amulet)
HPRegen 0.00/turn               (no ring)
MPRegen 0.08/turn               (no ring)

@: inhibited regen
A: claws 1, cold resistance 1, negative energy resistance 3, inhibited
regeneration, torment resistance 2, devour on kill
a: no special abilities


You were on level 2 of the Dungeon.
You visited 1 branch of the dungeon, and saw 2 of its levels.

You collected 18 gold pieces.

Inventory:

Missiles
 h - 2 poisoned darts (quivered)
Armour
 a - a +0 scale mail (worn)
 b - a +0 buckler (worn)
Scrolls
 d - a scroll of magic mapping {unknown}
 e - a scroll of identify {unknown}
 f - a scroll of fear {unknown}
 i - a scroll of immolation {unknown}
Potions
 c - 2 potions of might
 g - a potion of resistance {unknown}
 j - a potion of heal wounds {unknown}


   Skills:
 + Level 3.7 Fighting
 + Level 3.0 Armour
 + Level 3.0 Shields
 + Level 2.7 Unarmed Combat


You had 2 spell levels left.
You didn't know any spells.
Your spell library contained the following spells:

 Spells                   Type           Power      Damage    Failure   Level
 Magic Dart               Conj           0%         1d3       91%         1
 Searing Ray              Conj           0%         2d4       97%         2
 Static Discharge         Conj/Air       0%         3-3/arc   97%         2
 Fulminant Prism          Conj/Hex       0%         3d6       100%        4
 Lightning Bolt           Conj/Air       0%         1d11      100%        5
 Maxwell's Capacitive Co  Air            0%         ∞         100%        8


Dungeon Overview and Level Annotations

Branches:
Dungeon (2/15)

Altars:


Innate Abilities, Weirdness & Mutations

You are immune to poison.
You have sharp fingernails.
Your flesh is cold resistant. (rC+)
You are immune to negative energy. (rN+++)
You do not regenerate when monsters are visible.
You are immune to unholy pain and torment.
You thrive by killing the living.


Message History

You climb downwards.
There is a stone staircase leading up here.
You now have 18 gold pieces (gained 12).
You open the door.
Found a stone staircase leading down.
No target in view!
There is a stone staircase leading down here.
There are monsters nearby!
The gnoll shouts! x2; You hear a shout!
You see here a puce potion.
j - a puce potion The gnoll barely misses you.
You claw the gnoll!
The gnoll is heavily wounded.
The gnoll barely misses you.
You scratch the gnoll.
The gnoll is severely wounded.
The gnoll hits you with a +0 vorpal halberd!
You scratch the gnoll.
You kill the gnoll!
You scratch the gnoll.
The gnoll is heavily wounded.
You block the gnoll's attack. x2
You scratch the gnoll but do no damage.
The gnoll is heavily wounded.
The gnoll hits you from afar with a +0 halberd!
The gnoll hits you but does no damage.
You claw the gnoll!
You kill the gnoll!
The gnoll closely misses you.
Your Armour skill increases to level 3!
Your Shields skill increases to level 3!
You have reached level 3!
Your experience leads to an increase in your attributes!
Increase (S)trength, (I)ntelligence, or (D)exterity?
You feel clever. x2
There is a stone staircase leading up here.
Okay, then.
The gnoll hits you from afar with a +0 halberd!
You die...

#......# #.# #......#
#.# ######......# #.#
#...........####.####
#.##.#..............#
#.......##....##.##.#
####...g###.#.^#.##.#
#.....# #.##...##.#
###.#@# #####..##.#
...#.# ##.##.#
#.###.# #>##.## #.
..# #.....# # ###
#######


You could see a gnoll.

Vanquished Creatures
  2 gnolls (D:2)
  A dart slug (D:1)
  An endoplasm (D:1)
  A goblin (D:1)
  A ball python (D:1)
  4 bats (D:1)
  3 kobolds (D:1)
  A rat (D:1)
14 creatures vanquished.

Notes
Turn   | Place    | Note
-------+----------+-------------------------------------------
     0 | D:1      | RatsInWalls the Ghoul Fighter began the quest for the Orb.
     0 | D:1      | Reached XP level 1. HP: 19/19 MP: 0/0
   490 | D:1      | Reached XP level 2. HP: 25/26 MP: 1/1
   532 | D:1      | Found a faded altar of an unknown god.
   788 | D:2      | Reached XP level 3. HP: 12/33 MP: 2/2
   805 | D:2      | Slain by a gnoll

Illustrated notes

Levels and vault maps discovered:
D:1:      wheals_arrival_shading, layout_loops_ring,
          chequers_ecumenical_altar_simple_redux
D:2:      layout_basic

Skill      XL: |  1  2 |
---------------+-------+-----
Armour         | 3 |  3.0
Shields        | 3 |  3.0
Fighting       | |  3.7
Unarmed Combat | |  2.7

Action                   || total
-------------------------++-------
Melee: Unarmed           ||    37
Armor: Scale mail        ||    13
Dodge: Dodged            ||    15
Block: Buckler           ||    10
